 Dungeon Crawl Stone Soup version 0.30-b1-2-g02819fbbbe (webtiles) character file.

Game seed: 18443868250798673820

688 MisterFreud the Stinger (level 7, -10/51 HPs)
             Began as a Gnoll Wanderer on Oct 20, 2023.
             Was a Believer of Elyvilon.
             Killed from afar by Dowan (16 damage)
             ... with a stone arrow
             ... on level 5 of the Dungeon.
             The game lasted 00:07:27 (4744 turns).

MisterFreud the Stinger (Gnoll Wanderer)            Turns: 4744, Time: 00:07:27

Health: -10/51     AC:  7    Str: 10    XL:     7   Next: 63%
Magic:  15/15      EV: 13    Int: 11    God:    Elyvilon [**....]
Gold:   252        SH:  0    Dex: 21    Spells: 16/17 levels left

rFire   . . .        b - +2 sling (elec)
rCold   . . .        (no shield)
rNeg    + . .        r - +2 leather armour {rN+}
rPois   .            n - +1 helmet
rElec   .            (no cloak)
rCorr   .            (no gloves)
SInv    +            (no boots)
Will    .....        (no amulet)
Stlth   ++           j - +6 ring of dexterity
HPRegen 0.28/turn    u - ring of see invisible
MPRegen 0.14/turn

%: no passive effects
@: no status effects
A: fangs 1, strong nose, distributed training
a: Renounce Religion, Purification, Heal Other


You were on level 5 of the Dungeon.
You worshipped Elyvilon.
Elyvilon was pleased with you.
You visited 1 branch of the dungeon, and saw 6 of its levels.

You collected 252 gold pieces.

Inventory:

Hand Weapons
 a - a +1 heavy falchion
 b - a +2 sling of electrocution (weapon)
Missiles
 t - 4 poisoned darts
Armour
 d - a +0 robe
 n - a +1 helmet (worn)
 r - a +2 leather armour of positive energy (worn)
Jewellery
 i - a +6 ring of dexterity
 j - a +6 ring of dexterity (left hand)
 u - a ring of see invisible (right hand)
Wands
 q - a wand of iceblast (13)
Scrolls
 f - 3 scrolls of enchant weapon
 o - a scroll of fog
 w - a scroll of blinking {unknown}
Potions
 c - 3 potions of lignification
 e - 2 potions of might
 g - 2 potions of brilliance
 k - a potion of resistance
 l - 2 potions of invisibility
 m - a potion of ambrosia
 p - a potion of degeneration {unknown}
 s - 3 potions of mutation
 v - a potion of heal wounds
Miscellaneous
 h - a piece from Xom's chessboard (15/15)


   Skills:
 + Level 2.7 Fighting
 + Level 2.7 Short Blades
 + Level 5.3 Long Blades
 + Level 2.7 Axes
 + Level 2.7 Maces & Flails
 + Level 2.7 Polearms
 + Level 2.7 Staves
 + Level 2.7 Ranged Weapons
 + Level 3.8 Throwing
 + Level 2.7 Armour
 + Level 3.8 Dodging
 + Level 2.7 Stealth
 + Level 2.7 Shields
 + Level 2.7 Unarmed Combat
 + Level 5.7 Spellcasting
 + Level 2.2 Conjurations
 + Level 2.2 Hexes
 + Level 2.2 Summonings
 + Level 2.2 Necromancy
 + Level 2.2 Translocations
 + Level 2.2 Transmutations
 + Level 2.2 Fire Magic
 + Level 2.2 Ice Magic
 + Level 2.2 Air Magic
 + Level 2.2 Earth Magic
 + Level 5.9 Poison Magic
 + Level 3.0 Invocations
 + Level 3.8 Evocations


You had 16 spell levels left.
You knew the following spells:

 Your Spells              Type           Power      Damage    Failure   Level
a - Sting                 Tmut/Pois      48%        1d5       4%          1

Your spell library contained the following spells:

 Spells                   Type           Power      Damage    Failure   Level
 Poisonous Vapours        Pois/Air       24%        N/A       8%          2
 Sublimation of Blood     Necr           8%         N/A       16%         2
 Mephitic Cloud           Conj/Pois/Air  10%        N/A       19%         3
 Olgreb's Toxic Radiance  Pois           16%        N/A       22%         4
 Ozocubu's Armour         Ice            8%         N/A       32%         3
 Petrify                  Tmut/Erth      8%         N/A       71%         4
 Irradiate                Conj/Tmut      4%         3d13      96%         5
 Ozocubu's Refrigeration  Ice            4%         4d8       100%        7


Dungeon Overview and Level Annotations

Branches:
Dungeon (6/15)
 Temple: D:4-7

Altars:
Elyvilon
Uskayaw

Annotations:
D:5 Dowan


Innate Abilities, Weirdness & Mutations

You have very sharp teeth.
Your uncanny sense of smell can sniff out nearby items.
Your experience applies equally to all skills.


Message History

You shoot a sling bullet. The sling bullet closely misses Dowan.
Dowan casts a spell.
Dowan blinks!
Fire: b) +2 sling (elec)
Press: ? - help, Q - select action, (/) - cycle Shift-Dir - straight line, f/p - Dowan
Aim: Dowan, wielding a +0 dagger and wearing a +2 robe of fire resistance (almost dead, fast, 54% to hit)
You shoot a sling bullet.
The sling bullet completely misses Dowan.
Dowan shakes with grief.
Dowan hits you with a +0 dagger.
* * * LOW HITPOINT WARNING * * *
Unknown command.
Fire: b) +2 sling (elec)
Press: ? - help, Q - select action, (/) - cycle Shift-Dir - straight line, f/p - Dowan
Aim: Dowan, wielding a +0 dagger and wearing a +2 robe of fire resistance (almost dead, fast, 54% to hit)
You shoot a sling bullet.
The sling bullet completely misses Dowan.
Dowan closely misses you. Dowan hits you with a +0 dagger.
* * * LOW HITPOINT WARNING * * *
Fire: b) +2 sling (elec)
Press: ? - help, Q - select action, (/) - cycle Shift-Dir - straight line, f/p - Dowan
Aim: Dowan, wielding a +0 dagger and wearing a +2 robe of fire resistance (almost dead, fast, 54% to hit)
You shoot a sling bullet. The sling bullet barely misses Dowan.
Dowan hits you with a +0 dagger.
* * * LOW HITPOINT WARNING * * *
Dowan casts a spell.
Dowan blinks!
Fire: b) +2 sling (elec)
Press: ? - help, Q - select action, (/) - cycle Shift-Dir - straight line, f/p - Dowan
Aim: Dowan, wielding a +0 dagger and wearing a +2 robe of fire resistance (almost dead, fast, 54% to hit)
You shoot a sling bullet. The sling bullet closely misses Dowan.
Unknown command.
Unknown command.
Fire: b) +2 sling (elec)
Press: ? - help, Q - select action, (/) - cycle Shift-Dir - straight line, f/p - Dowan
Aim: Dowan, wielding a +0 dagger and wearing a +2 robe of fire resistance (almost dead, fast, 54% to hit)
You shoot a sling bullet. The sling bullet misses Dowan.
Dowan gestures at you while chanting. The stone arrow hits you!
You die...

......###.###.####<.#
......###.# #.......#
........#.###########
......#.......#
......#.#####.#
.............<#
.....########.# .#
###<## #.#####...#
....# #..)@.e...#
....# ######......
.#..# ...## .#..# .##
...## # #..# ...#
##...# ####.#


You could see Dowan (fast).

Vanquished Creatures
  Grinder (D:3)
  Duvessa (D:5)
  2 hounds
  2 orc priests (D:5)
  Jessica (D:2)
  A sleepcap (D:5)
  Ijyb (D:3)
  An orc wizard (D:6)
  Robin (D:3)
  6 adders
  2 worms (D:3)
  A dart slug (D:4)
  6 orcs
  7 ball pythons
  4 bats
  8 endoplasms
  4 giant cockroaches
  17 goblins
  13 hobgoblins
  5 kobolds
  4 quokkas
  5 frilled lizards
  6 rats
99 creatures vanquished.

Notes
Turn   | Place    | Note
-------+----------+-------------------------------------------
     0 | D:1      | MisterFreud the Gnoll Wanderer began the quest for the Orb.
     0 | D:1      | MisterFreud set off with the following items: a +0
                  | falchion, a piece from Xom's chessboard (15/15), a potion
                  | of lignification, a +0 robe; and the following spell
                  | memorised: Sting; and the following spells available to
                  | memorise: Olgreb's Toxic Radiance, Mephitic Cloud.
     0 | D:1      | Reached XP level 1. HP: 13/13 MP: 6/6
   201 | D:1      | Reached XP level 2. HP: 15/19 MP: 3/7
   932 | D:1      | Reached skill level 5 in Spellcasting
   932 | D:1      | Reached XP level 3. HP: 22/25 MP: 6/9
  1345 | D:2      | Reached skill level 1 in Invocations
  1431 | D:2      | Identified a scroll of acquirement
  1431 | D:2      | Acquired the +2 glaive "Wiaredoa" {drain, MP+9}
  1538 | D:2      | Reached skill level 1 in Fighting
  1538 | D:2      | Reached skill level 1 in Short Blades
  1538 | D:2      | Reached skill level 1 in Axes
  1538 | D:2      | Reached skill level 1 in Maces & Flails
  1538 | D:2      | Reached skill level 1 in Polearms
  1538 | D:2      | Reached skill level 1 in Staves
  1538 | D:2      | Reached skill level 1 in Ranged Weapons
  1538 | D:2      | Reached skill level 1 in Armour
  1538 | D:2      | Reached skill level 1 in Stealth
  1538 | D:2      | Reached skill level 1 in Shields
  1538 | D:2      | Reached skill level 1 in Unarmed Combat
  1788 | D:2      | Reached XP level 4. HP: 8/32 MP: 11/11
  1961 | D:2      | Noticed Jessica
  1969 | D:2      | Killed Jessica
  1970 | D:2      | Reached skill level 1 in Conjurations
  1970 | D:2      | Reached skill level 1 in Hexes
  1970 | D:2      | Reached skill level 1 in Summonings
  1970 | D:2      | Reached skill level 1 in Necromancy
  1970 | D:2      | Reached skill level 1 in Translocations
  1970 | D:2      | Reached skill level 1 in Transmutations
  1970 | D:2      | Reached skill level 1 in Fire Magic
  1970 | D:2      | Reached skill level 1 in Ice Magic
  1970 | D:2      | Reached skill level 1 in Air Magic
  1970 | D:2      | Reached skill level 1 in Earth Magic
  2525 | D:3      | Found a hide-covered altar of Uskayaw.
  2572 | D:3      | Reached XP level 5. HP: 37/37 MP: 12/12
  2692 | D:3      | Noticed Robin
  2713 | D:3      | Killed Robin
  2873 | D:3      | Noticed Ijyb
  2883 | D:3      | Killed Ijyb
  3017 | D:3      | Found a faded altar of an unknown god.
  3177 | D:3      | Prayed at the altar of an unknown god.
  3177 | D:3      | Became a worshipper of Elyvilon the Healer
  3177 | D:3      | Reached * piety under Elyvilon
  3254 | D:3      | Noticed Grinder
  3270 | D:3      | Paralysed by Grinder for 5 turns
  3282 | D:3      | Paralysed by Grinder for 5 turns
  3307 | D:3      | Killed Grinder
  3308 | D:3      | Reached skill level 5 in Long Blades
  3308 | D:3      | Reached XP level 6. HP: 11/44 MP: 12/14
  4130 | D:4      | Reached ** piety under Elyvilon
  4243 | D:4      | Reached XP level 7. HP: 47/50 MP: 15/15
  4453 | D:5      | Entered Level 5 of the Dungeon
  4709 | D:5      | Noticed Dowan
  4711 | D:5      | Noticed Duvessa
  4719 | D:5      | Killed Duvessa
  4744 | D:5      | Killed from afar by Dowan

Illustrated notes

Levels and vault maps discovered:
D:1:      psy_arrival_dodecagon, layout_basic
D:2:      layout_basic, uniq_jessica
D:3:      minmay_recursive_quarters, layout_loops_ring, lemuel_round_altar,
          ebering_ecumenical_altar_sacrificial, st_stairs_8,
          serial_bayou_ford_a, uniq_grinder, uniq_robin, uniq_ijyb
D:4:      layout_loops_corners
D:5:      layout_basic, nicolae_overflow_hidden_temple,
          okawaru_altar_gauntlet_db, uniq_duvessa, uniq_crazy_yiuf_cottage
D:6:      layout_basic, lemuel_round_altar, minmay_temple_entry_large_hall,
          serial_shops, nicolae_shop_hallway_stairs, minmay_misc_feat_five

Skill      XL: |  1  2  3  4  5  6  7 |
---------------+----------------------+-----
Spellcasting   | 5 |  5.7
Invocations    | 1 2 3 |  3.0
Fighting       | 1 2 |  2.7
Short Blades   | 1 2 |  2.7
Axes           | 1 2 |  2.7
Maces & Flails | 1 2 |  2.7
Polearms       | 1 2 |  2.7
Staves         | 1 2 |  2.7
Ranged Weapons | 1 2 |  2.7
Armour         | 1 2 |  2.7
Stealth        | 1 2 |  2.7
Shields        | 1 2 |  2.7
Unarmed Combat | 1 2 |  2.7
Conjurations   | 1 2 |  2.2
Hexes          | 1 2 |  2.2
Summonings     | 1 2 |  2.2
Necromancy     | 1 2 |  2.2
Translocations | 1 2 |  2.2
Transmutations | 1 2 |  2.2
Fire Magic     | 1 2 |  2.2
Ice Magic      | 1 2 |  2.2
Air Magic      | 1 2 |  2.2
Earth Magic    | 1 2 |  2.2
Throwing       | 3 |  3.8
Dodging        | 3 |  3.8
Evocations     | 3 |  3.8
Long Blades    | 5 |  5.3
Poison Magic   | |  5.9

Action                     |  1- 3 |  4- 6 |  7- 9 || total
---------------------------+-------+-------+-------++-------
  Melee: Falchion          |    42 |    44 |    37 ||   123
         Bite              |     4 |     6 |     3 ||    13
         Glaive            |    19 |    80 |       ||    99
         Punch             |       |     1 |       ||     1
   Fire: Sling             |     1 |    18 |    11 ||    30
   Cast: Sting             |    37 |       |       ||    37
    Use: Scroll            |     6 |     6 |     5 ||    17
         Potion            |       |     3 |       ||     3
   Stab: Sleeping          |     6 |     7 |       ||    13
 Armour: Robe              |    10 |    19 |       ||    29
         Leather armour    |       |    20 |    10 ||    30
         Skin              |       |    10 |       ||    10
  Dodge: Dodged            |    48 |    97 |    35 ||   180
